 Dungeon Crawl Stone Soup version 0.28.0-1-gb440e238dd (webtiles) character file.

Game seed: 12611620524759165858

182 RascalDebosk the Conjurer (level 5, -2/41 HPs)
             Began as a Draconian Conjurer on Feb 28, 2022.
             Shot with a sling bullet by a goblin (6 damage)
             ... while paralysed by Grinder
             ... on level 4 of the Dungeon.
             The game lasted 00:45:38 (4480 turns).

RascalDebosk the Conjurer (Draconian Conjurer)      Turns: 4480, Time: 00:45:39

Health: -2/41      AC:  5    Str: 10    XL:     5   Next: 35%
Magic:  6/8        EV:  2    Int: 26    God:
Gold:   127        SH:  0    Dex:  9    Spells: 4/9 levels left

rFire   . . .      SeeInvis .   k - +3 spear
rCold   . . .      Faith    .   (no shield)
rNeg    . . .      Spirit   .   (armour unavailable)
rPois   .          Reflect  .   (helmet restricted)
rElec   .          Harm     .   (no cloak)
rCorr   .          Rampage  .   (no gloves)
Will    .....                   (no boots)
Stlth   ++........              (no amulet)
HPRegen 0.13/turn               i - +6 ring of intelligence
MPRegen 0.11/turn               (no ring)

@: paralysed
A: AC +5, unfitting armour, cold-blooded
a: no special abilities


You were on level 4 of the Dungeon.
You visited 1 branch of the dungeon, and saw 4 of its levels.

You collected 127 gold pieces.

Inventory:

Hand Weapons
 e - a +0 dagger
 k - a +3 spear (weapon)
Jewellery
 c - a ring of ice
 i - a +6 ring of intelligence (left hand)
Scrolls
 d - 3 scrolls of identify {unknown}
 g - a scroll of immolation {unknown}
 h - 2 scrolls of teleportation {unknown}
 m - a scroll of blinking {unknown}
 o - a scroll of enchant armour {unknown}
Potions
 a - a potion of degeneration {unknown}
 b - 2 potions of curing {unknown}
 f - a potion of flight {unknown}
 j - 2 potions of mutation {unknown}
 l - a potion of heal wounds {unknown}
 n - a potion of attraction {unknown}


   Skills:
 + Level 1.7 Fighting
 + Level 2.3 Dodging
 - Level 1.7 Stealth
 + Level 2.6 Spellcasting
 * Level 4.8 Conjurations
 - Level 2.1 Hexes
 * Level 0.0 Transmutations
 * Level 0.0 Fire Magic
 * Level 1.5 Poison Magic


You had 4 spell levels left.
You knew the following spells:

 Your Spells              Type           Power      Damage    Failure   Level
a - Magic Dart            Conj           100%       1d8       1%          1
b - Searing Ray           Conj           56%        2d6       1%          2
c - Poisonous Vapours     Pois/Air       14%        N/A       11%         2

Your spell library contained the following spells:

 Spells                   Type           Power      Damage    Failure   Level
 Sting                    Tmut/Pois      28%        1d4       7%          1
 Dazzling Flash           Conj/Hex       42%        N/A       7%          3
 Mephitic Cloud           Conj/Pois/Air  14%        N/A       12%         3
 Call Imp                 Summ           3%         N/A       16%         2
 Ignite Poison            Fire/Tmut/Pois 6%         N/A       24%         3
 Fulminant Prism          Conj/Hex       10%        3d9       24%         4
 Iskenderun's Mystic Bla  Conj/Tloc      15%        2d5       36%         4
 Olgreb's Toxic Radiance  Pois           11%        N/A       45%         4
 Freezing Cloud           Conj/Ice/Air   5%         6-21      80%         5


Dungeon Overview and Level Annotations

Branches:
Dungeon (4/15)
 Temple: D:4-7

Altars:

Shops:
D:2 =

Annotations:
D:4 Grinder


Innate Abilities, Weirdness & Mutations

Your plain brown scales are hard. (AC +5)
You cannot fit into any form of body armour.
You are cold-blooded and may be slowed by cold attacks.


Message History

Aim: Grinder (77% to hit)
The searing ray hits Grinder.
Grinder is lightly wounded. (Press . to maintain the ray.)
The goblin unwields a +0 club.
The goblin wields a +0 hunting sling.
The goblin shoots a sling bullet.
The sling bullet hits you!
The searing ray hits Grinder.
Grinder is moderately wounded.
Grinder hits you!
You hit Grinder but do no damage.
Grinder is moderately wounded.
The goblin shoots a sling bullet.
The sling bullet hits you. Grinder barely misses you.
You hit Grinder but do no damage.
Grinder is moderately wounded.
The goblin shoots a sling bullet.
The sling bullet hits you.
Grinder blinks!
The goblin shoots a sling bullet.
The sling bullet hits you but does no damage.
Grinder blinks!
The goblin shoots a sling bullet.
The sling bullet hits you.
The goblin shoots a sling bullet.
The sling bullet hits you. Grinder gestures at you.
You resist with significant effort.
The goblin shoots a sling bullet.
The sling bullet hits you but does no damage.
Grinder hits you.
You writhe in agony.
* * * LOW HITPOINT WARNING * * *
The goblin shoots a sling bullet.
The sling bullet hits you.
* * * LOW HITPOINT WARNING * * *
Grinder blinks!
The goblin shoots a sling bullet.
The sling bullet closely misses you. Grinder gestures at you.
You suddenly lose the ability to move!
The goblin shoots a sling bullet.
The sling bullet hits you.
* * * LOW HITPOINT WARNING * * *
Grinder blinks!
The goblin shoots a sling bullet.
The sling bullet barely misses you.
The goblin shoots a sling bullet.
The sling bullet hits you but does no damage.
Grinder blinks!
The goblin shoots a sling bullet.
The sling bullet hits you.
You die...

#...........# #.......#
#...).......# #.(.....#
#..........### #.......#
#............#####.....##
#..........<.#..#.......#
#.......................#
#.).....................#
##.....................##
#.........@..###.......####
#............###...........
#........>...#...#######.##
#.?..........#.### .#
#............... .
#.....[..g.......
##.#.....r§..5....
#.##..#.......... .....r.


You could see Grinder, a quokka and a goblin.

Vanquished Creatures
  An orc wizard (D:2)
  6 gnolls
  An adder (D:3)
  A white imp (D:3)
  A worm (D:4)
  2 dart slugs
  5 orcs
  4 ball pythons
  7 endoplasms
  3 giant cockroaches (D:2)
  6 goblins
  7 hobgoblins
  4 jackals
  6 kobolds
  2 quokkas
  6 bats
  2 frilled lizards
  5 rats
69 creatures vanquished.

Vanquished Creatures (others)
  4 plants (D:3)
4 creatures vanquished.

Grand Total: 73 creatures vanquished

Notes
Turn   | Place    | Note
-------+----------+-------------------------------------------
     0 | D:1      | RascalDebosk the Draconian Conjurer began the quest for the
                  | Orb.
     0 | D:1      | Reached XP level 1. HP: 14/14 MP: 3/3
    35 | D:1      | Found a faded altar of an unknown god.
   774 | D:1      | Reached XP level 2. HP: 22/22 MP: 1/5
  1207 | D:1      | Learned a level 2 spell: Searing Ray
  1270 | D:1      | Reached skill level 1 in Hexes
  1625 | D:1      | Reached XP level 3. HP: 23/27 MP: 2/6
  2131 | D:2      | Reached skill level 1 in Fighting
  2415 | D:2      | Reached XP level 4. HP: 31/35 MP: 0/7
  2685 | D:2      | Reached skill level 1 in Poison Magic
  3091 | D:2      | Found Gierr's Jewellery Shoppe.
  3535 | D:3      | Reached XP level 5. HP: 40/40 MP: 0/8
  4355 | D:3      | Learned a level 2 spell: Poisonous Vapours
  4463 | D:4      | Noticed Grinder
  4476 | D:4      | Paralysed by Grinder for 6 turns
  4480 | D:4      | Shot with a sling bullet by a goblin

Illustrated notes

Levels and vault maps discovered:
D:1:      lemuel_arrival_room, layout_loops_corners,
          ebering_ecumenical_altar_box
D:2:      layout_loops_corners, serial_shops, nicolae_shop_advertising_works
          [nicolae_subvault_shop_adworks], minmay_heptomino_l4
D:3:      layout_rooms, serial_bayou, serial_bayou_pond_c,
          serial_bayou_lagoon_b, serial_bayou_shore_b, serial_bayou_pond_e
D:4:      layout_rooms, cheibriados_altar_2,
          lemuel_mausoleum_altar_kikubaaqudgha, uniq_grinder

Skill      XL: |  1  2  3  4  5 |
---------------+----------------+-----
Dodging        | 2 |  2.3
Hexes          | 1 2 |  2.1
Fighting       | 1 |  1.7
Poison Magic   | 1 |  1.5
Stealth        | |  1.7
Spellcasting   | |  2.6
Conjurations   | |  4.8

Action                   |  1- 3 |  4- 6 || total
-------------------------+-------+-------++-------
Melee: Dagger            |    28 |       ||    28
       Tailslap          |     2 |     3 ||     5
       Spear             |       |    11 ||    11
 Cast: Magic Dart        |    52 |    51 ||   103
       Searing Ray       |     4 |    11 ||    15
 Stab: Sleeping          |     1 |       ||     1
Armor: Skin              |    14 |     9 ||    23
Dodge: Dodged            |    30 |    19 ||    49
